 Dungeon Crawl Stone Soup version 0.17.0-26-gececa24 (webtiles) character file.

2310 4thArraOfDagon the Cleaver (level 9, -10/81 HPs)
             Began as a Minotaur Fighter on Nov 20, 2015.
             Was a Believer of Makhleb.
             Mangled by Psyche
             ... wielding a +4 dagger of distortion
              (18 damage)
             ... on level 9 of the Dungeon.
             The game lasted 00:11:38 (2114 turns).

4thArraOfDagon the Cleaver (Minotaur Fighter)       Turns: 2114, Time: 00:11:38

Health: -10/81     AC: 10    Str: 26    XL:     9   Next: 18%
Magic:  8/9        EV: 12    Int:  8    God:    Makhleb [**....]
Gold:   9          SH: 10    Dex: 15    Spells: 0 memorised, 8 levels left

rFire  . . .     SeeInvis .     a - +0 war axe
rCold  . . .     Clarity  .     b - +0 scale mail
rNeg   . . .     SustAt   .     c - +0 shield
rPois  +         Gourm    .     (helmet restricted)
rElec  .         Spirit   .     p - +0 cloak
rCorr  .         Warding  .     (no gloves)
rMut   .         Stasis   .     l - +0 pair of boots
MR     .....                    (no amulet)
Stlth  ++........               t - ring of poison resistance
                                L - ring of stealth

@: mighty, agile, drained, not resistant to hostile enchantments, unstealthy
A: retaliatory headbutt, horns 2
a: Minor Destruction, Renounce Religion


You were on level 9 of the Dungeon.
You worshipped Makhleb.
Makhleb was pleased with you.
You were hungry.

You visited 1 branch of the dungeon, and saw 10 of its levels.

You collected 345 gold pieces.
You spent 336 gold pieces at shops.

Inventory:

Hand Weapons
 a - a +0 war axe (weapon)
Missiles
 H - 3 javelins (quivered)
Armour
 b - a +0 scale mail (worn)
 c - a +0 shield (worn)
 l - a +0 pair of boots (worn)
 p - a +0 cloak (worn)
Magical Staves
 C - an uncursed staff of summoning {unknown}
Jewellery
 d - an uncursed ring of teleportation
 s - an uncursed ring of sustain attributes
 t - a ring of poison resistance (right hand)
 L - a ring of stealth (left hand)
Wands
 g - a wand of magic darts (17)
 j - a wand of digging (9)
 q - a wand of cold (0)
 F - a wand of digging (18)
Scrolls
 f - 5 scrolls of magic mapping
 h - 2 scrolls of noise {unknown}
 k - a scroll of enchant weapon {unknown}
 n - a scroll of amnesia {unknown}
 o - a scroll of fear
 r - a scroll of remove curse
 y - a scroll of recharging {unknown}
 B - a scroll of immolation {unknown}
 D - a scroll of torment {unknown}
 E - a scroll of teleportation
Potions
 m - 2 potions of curing
 w - 2 potions of flight
 x - a potion of brilliance {unknown}
 z - 2 potions of lignification
 J - a potion of berserk rage
Comestibles
 e - 2 bread rations
 i - a slice of pizza
 u - 2 meat rations
 A - 3 fruits
 G - 8 chunks of flesh


   Skills:
 + Level 7.8(7.3) Fighting
 * Level 10.4(9.9) Axes
 + Level 8.5(8.0) Armour
 - Level 3.6(3.2) Shields
 + Level 1.5(1.2) Evocations


You had 8 spell levels left.
You didn't know any spells.

Dungeon Overview and Level Annotations

Branches:
Dungeon (10/15)            Temple (0/1) D:6
   Lair: D:8-11         Orc: D:9-12

Altars:
Ashenzari
Kikubaaqudgha
Makhleb
Ru
Xom

Shops:
D:9 !

Annotations:
D:3 Dustman's ghost, amateur HuFi
D:9 Psyche


Innate Abilities, Weirdness & Mutations

You reflexively headbutt those who attack you in melee.
You have a pair of horns on your head.


Message History

Unknown command.
Unknown command.
You closely miss Psyche. Your headbutt misses Psyche.
Psyche is heavily wounded.
You slash the orc wizard!
You kill the orc wizard!
Makhleb accepts your kill. Psyche hits you but does no damage.
Space bends around you.
* * * LOW HITPOINT WARNING * * *
The orc priest looks braver for a moment.
Psyche closely misses you. You furiously retaliate!
You headbutt Psyche.
Unknown command.
Unknown command.
You slash Psyche!
Psyche is severely wounded.
You closely miss the orc.
Psyche hits you with a dagger of distortion.
* * * LOW HITPOINT WARNING * * *
Space warps horribly around you!
You die...

#...# #......∩...## #...#
#.....#.#### ##...#
#........... #....#
#...........
#....#####..^^^......#
#...........^_^......#
#...(........^^......#
......#'####............#
#......#(.>.#.@#...+.....
#......#....#o@#...#....
#####..#....#o.#...# ..
#..######..#...# #.. ...#
### ..... ..... ......


You could see Psyche, an orc priest and an orc.

Vanquished Creatures
  3 yaks
  A basilisk (D:9)
  An orc warrior (D:9)
  A phantom (D:4)
  3 ogres
  2 centaurs (D:9)
  5 killer bees (D:7)
  2 wights (D:10)
  2 crimson imps
  2 iguanas
  4 orc wizards
  4 orc priests
  6 hounds
  A centaur skeleton (D:9)
  A giant frog skeleton (D:7)
  Natasha (D:2)
  3 worker ants
  3 gnolls (D:8)
  2 adders (D:4)
  2 adder skeletons
  A worm (D:3)
  3 giant geckos
  15 orcs
  2 ball pythons (D:4)
  4 giant cockroaches
  4 goblins
  4 hobgoblins
  19 jackals
  A kobold (D:2)
  A bat (D:1)
  A giant gecko skeleton (D:5)
  3 quokkas
  2 rats
109 creatures vanquished.

Notes
Turn   | Place    | Note
--------------------------------------------------------------
     0 | D:1      | 4thArraOfDagon the Minotaur Fighter began the quest for the Orb.
     0 | D:1      | Reached XP level 1. HP: 19/19 MP: 0/0
    84 | D:2      | Noticed Natasha
    94 | D:2      | Killed Natasha
    94 | D:2      | Reached skill level 4 in Fighting
    94 | D:2      | Reached XP level 2. HP: 17/27 MP: 1/1
    94 | D:2      | Reached XP level 3. HP: 20/33 MP: 2/2
   222 | D:3      | Noticed Dustman's ghost (amateur HuFi)
   354 | D:3      | HP: 1/33 [Dustman's ghost (11)]
   365 | D:4      | Reached XP level 4. HP: 10/41 MP: 3/3
   415 | D:4      | Noticed a phantom
   438 | D:4      | Found an ancient bone altar of Kikubaaqudgha.
   444 | D:4      | Noticed an ogre
   448 | D:4      | Killed an ogre
   448 | D:4      | Reached skill level 5 in Axes
   448 | D:4      | Reached skill level 5 in Armour
   448 | D:4      | Reached XP level 5. HP: 24/47 MP: 4/4
   472 | D:4      | Killed a phantom
   472 | D:4      | Reached skill level 5 in Fighting
   472 | D:4      | Reached XP level 6. HP: 18/56 MP: 5/5
   562 | D:4      | Found a shattered altar of Ashenzari.
   676 | D:4      | Reached skill level 6 in Axes
   700 | D:5      | Entered Level 5 of the Dungeon
   801 | D:5      | Found a sacrificial altar of Ru.
   811 | D:5      | Found a burning altar of Makhleb.
   814 | D:5      | Found a shimmering altar of Xom.
   818 | D:5      | Reached XP level 7. HP: 62/62 MP: 6/6
   832 | D:5      | Became a worshipper of Makhleb the Destroyer
   870 | D:5      | Reached skill level 7 in Axes
  1255 | D:8      | Reached * piety under Makhleb
  1339 | D:8      | Reached skill level 8 in Axes
  1397 | D:8      | You fall through a shaft!
  1397 | D:9      | Noticed Psyche
  1398 | D:9      | :(
  1407 | D:9      | Noticed a basilisk
  1427 | D:9      | Killed a basilisk
  1427 | D:9      | Reached XP level 8. HP: 24/71 MP: 7/7
  1541 | D:9      | Noticed a yak
  1541 | D:9      | Noticed a yak
  1541 | D:9      | Noticed a yak
  1554 | D:8      | Killed a yak
  1554 | D:8      | Reached skill level 9 in Axes
  1768 | D:6      | Found a staircase to the Ecumenical Temple.
  1903 | D:8      | Killed a yak
  1919 | D:9      | Killed a yak
  1919 | D:9      | Reached skill level 10 in Axes
  1919 | D:9      | Reached skill level 1 in Evocations
  1945 | D:9      | Reached ** piety under Makhleb
  1945 | D:9      | Reached XP level 9. HP: 38/79 MP: 8/8
  1984 | D:9      | Found Pommovas's Distillery.
  1988 | D:9      | Found a shimmering altar of Xom.
  1995 | D:9      | Bought a potion of lignification for 36 gold pieces
  1995 | D:9      | Bought a potion of might for 48 gold pieces
  1995 | D:9      | Bought a potion of berserk rage for 60 gold pieces
  1995 | D:9      | Bought a potion of heal wounds for 60 gold pieces
  1995 | D:9      | Bought a potion of heal wounds for 60 gold pieces
  1995 | D:9      | Bought a potion of curing for 36 gold pieces
  1995 | D:9      | Bought a potion of flight for 36 gold pieces
  2036 | D:10     | Entered Level 10 of the Dungeon
  2047 | D:10     | no baxe :(
  2101 | D:9      | HP: 6/120 [orc warrior/battleaxe (15)]
  2114 | D:9      | Mangled by Psyche

Action                   |  1- 3 |  4- 6 |  7- 9 || total
-------------------------+-------+-------+-------++-------
Melee: War axe           |    52 |    89 |   195 ||   336
Evoke: Wand              |       |     3 |     3 ||     6
  Use: Potion            |     3 |       |    14 ||    17
       Scroll            |       |     1 |     6 ||     7
 Stab: Invisible         |       |       |     3 ||     3
  Eat: Chunk             |       |       |     5 ||     5
